 Dungeon Crawl Stone Soup version 0.30-a0-279-g4b46babb21 (webtiles) character file.

Game seed: 5701006750961704815

1187 slphil the Trooper (level 8, -30/62 HPs)
             Began as a Djinni Conjurer on Oct 16, 2022.
             Was an Initiate of Gozag.
             Killed from afar by a gargoyle (32 damage)
             ... with a stone arrow
             ... on level 6 of the Dungeon.
             The game lasted 00:11:08 (5336 turns).

slphil the Trooper (Djinni Conjurer)                Turns: 5336, Time: 00:11:08

Health: -30/62     AC:  3    Str:  6    XL:     8   Next: 70%
Gold:   251        EV: 12    Int: 28    God:    Gozag SH:  0 Dex: 12

rFire   + + .      SeeInvis .    (no weapon)
rCold   . . .      Faith    .    (no shield)
rNeg    . . .      Spirit   .    a - +0 robe
rPois   ∞          Reflect  .    k - +0 helmet
rElec   .          Harm     .    (no cloak)
rCorr   .          Rampage  .    (no gloves)
Will    .....                    (boots unavailable)
Stlth   ++........               C - amulet of regeneration
HPRegen 1.10/turn                w - ring of protection from cold
MPRegen 0.00/turn                y - +6 ring of intelligence

@: gold aura, flying, very slightly contaminated
A: sickness immunity, fire resistance 2, cold vulnerability 1, float, innate
caster, HP casting, extra vitality 1
a: Renounce Religion, Potion Petition, Call Merchant, Bribe Branch


You were on level 6 of the Dungeon.
You worshipped Gozag.
Gozag was aware of your devotion.
You visited 2 branches of the dungeon, and saw 7 of its levels.

You collected 318 gold pieces.
You paid 67 gold pieces to Gozag.

Inventory:

Armour
 a - a +0 robe (worn)
 k - a +0 helmet (worn)
 s - the +4 chain mail "Tueneess" {rCorr Int+2 SInv}
   (You found it on level 3 of the Dungeon)

   Int:       It affects your intelligence (+2).
   SInv:      It lets you see invisible.
   rCorr:     It protects you from acid and corrosion.
Jewellery
 f - an amulet of the acrobat
 w - a ring of protection from cold (left hand)
 y - a +6 ring of intelligence (right hand)
 C - an amulet of regeneration (around neck)
Wands
 v - a wand of paralysis (3)
Scrolls
 b - 2 scrolls of vulnerability {unknown}
 d - a scroll of enchant weapon {unknown}
 e - a scroll of immolation {unknown}
 h - a scroll of poison {unknown}
 j - a scroll of noise {unknown}
 m - a scroll of silence {unknown}
 o - 2 scrolls of amnesia {unknown}
 t - a scroll of brand weapon {unknown}
 x - 8 scrolls of identify {unknown}
 z - a scroll of fear {unknown}
Potions
 c - 5 potions of brilliance {unknown}
 g - 3 potions of resistance {unknown}
 i - 3 potions of curing {unknown}
 l - a potion of heal wounds {unknown}
 n - 2 potions of berserk rage {unknown}
 p - a potion of mutation {unknown}
 q - 2 potions of haste {unknown}
 r - 3 potions of might {unknown}
 u - a potion of attraction {unknown}
 A - a potion of flight {unknown}
 B - a potion of magic {unknown}


   Skills:
 + Level 6.8 Fighting
 - Level 2.1 Dodging
 - Level 1.5 Stealth
 + Level 6.2 Spellcasting


You couldn't memorise any spells.
You knew the following spells:

 Your Spells              Type           Power      Damage    Failure   Level
a - Magic Dart            Conj           100%       1d8       1%          1
b - Searing Ray           Conj           86%        2d7       1%          2
c - Dazzling Flash        Conj/Hex       86%        N/A       1%          3
d - Fulminant Prism       Conj/Hex       21%        3d13      4%          4
e - Iskenderun's Mystic   Conj/Tloc      43%        2d10      4%          4
f - Shock                 Conj/Air       100%       1d9       1%          1
g - Blink                 Tloc           86%        N/A       1%          2
h - Vhi's Electric Charg  Tloc/Air       86%        N/A       1%          3
Your spell library was empty.

Dungeon Overview and Level Annotations

Branches:
Dungeon (6/15)             Temple (1/1) D:5

Altars:
Cheibriados
Dithmenos
Elyvilon
Fedhas
Gozag
Okawaru
Qazlal
Ru
Trog
Uskayaw
Wu Jian
Xom
Yredelemnul
Zin
The Shining One

Annotations:
D:2 dig for treasure


Innate Abilities, Weirdness & Mutations

You are immune to sickness and miasma.
You are immune to poison.
Your flesh is very heat resistant. (rF++)
You are vulnerable to cold. (rC-)
You float through the air rather than walking.
You learn spells naturally, not from books.
Your magical power is your life essence.
You have superior vitality. (+4 MHP)


Message History

Casting: Fulminant Prism (dangerous; 4% risk of failure)
Confirm with . or Enter, or press ? or * to list all spells.
Aiming: Fulminant Prism (dangerous; 4% risk of failure)
Press: ? - help, Dir - move target You conjure a prism of explosive energy!
A fulminant prism comes into view.
Unknown command.
You hear a loud crackle.
You hear an explosion!
The blast of energy engulfs the gargoyle.
The gargoyle is heavily damaged.
You hear a loud, deep croak!
You hear a shout! x2
Unknown command.
Casting: Fulminant Prism (dangerous; 4% risk of failure)
Confirm with . or Enter, or press ? or * to list all spells.
Aiming: Searing Ray (safe; 1% risk of failure)
Press: ? - help, Shift-Dir - straight line, f - gargoyle
Aim: a gargoyle, wielding a +0 flail (heavily damaged, 91% to hit)
The searing ray hits the gargoyle but does no damage.
The gargoyle is heavily damaged. (Press . to maintain the ray.) Unknown command.
The searing ray hits the gargoyle.
The gargoyle is severely damaged.
The gargoyle hits you with a +0 flail!
The searing ray hits the gargoyle but does no damage.
The gargoyle is severely damaged.
The gargoyle hits you with a +0 flail!!
* * * LOW HITPOINT WARNING * * *
Unknown command.
The searing ray hits the gargoyle but does no damage.
The gargoyle is severely damaged.
* * * LOW HITPOINT WARNING * * *
You finish channelling your searing ray.
Something barely misses you.
The gargoyle hurls a stone arrow at you.
The stone arrow hits you!!
Ouch! That really hurt!
You die...
Your body crumbles into a pile of gold.

#.# #.# $ #.#
#.# #.# #.#
#.# #.# #.#
#.# #.# #.#
#.# #.# #@# $
#.# #9#
...####.###.#
...<.....*§.#
#.#######.###
#.# .
#.####.###....
#....*9..l....
######..##....


You could see a gargoyle.

Vanquished Creatures
  2 ice beasts (D:5)
  3 scorpions (D:5)
  A gnoll sergeant (D:5)
  2 hounds
  2 jellies (D:5)
  3 orc priests (D:5)
  Jessica (D:2)
  5 iguanas
  4 orc wizards
  10 adders
  6 gnolls (D:5)
  A white imp (D:5)
  2 ufetubi (D:5)
  A worm (D:3)
  5 dart slugs
  17 orcs
  12 ball pythons
  7 endoplasms
  2 giant cockroaches
  5 goblins
  4 hobgoblins
  14 jackals
  7 quokkas
  5 bats
  5 kobolds
  6 rats
132 creatures vanquished.

Vanquished Creatures (others)
  7 fulminant prisms
7 creatures vanquished.

Grand Total: 139 creatures vanquished

Notes
Turn   | Place    | Note
-------+----------+-------------------------------------------
     0 | D:1      | slphil the Djinni Conjurer began the quest for the Orb.
     0 | D:1      | slphil set off with the following spells memorised: Magic
                  | Dart, Searing Ray, Dazzling Flash, Fulminant Prism,
                  | Iskenderun's Mystic Blast.
     0 | D:1      | Reached XP level 1. HP: 15/15 MP: 0/0
   206 | D:1      | Reached skill level 1 in Fighting
   206 | D:1      | Reached XP level 2. HP: 21/22 MP: 0/0
   931 | D:2      | Reached XP level 3. HP: 24/27 MP: 0/0
   931 | D:2      | Learned a level 1 spell: Shock
  1238 | D:2      | Reached XP level 4. HP: 30/33 MP: 0/0
  1775 | D:2      | Noticed Jessica
  1786 | D:2      | Killed Jessica
  2125 | D:3      | Found a faded altar of an unknown god.
  2131 | D:3      | Reached XP level 5. HP: 37/40 MP: 0/0
  2131 | D:3      | Learned a level 2 spell: Blink
  2237 | D:3      | Identified the +4 chain mail "Tueneess" {rCorr Int+2 SInv}
  2954 | D:4      | Reached XP level 6. HP: 14/46 MP: 0/0
  3602 | D:5      | Entered Level 5 of the Dungeon
  3706 | D:5      | Noticed an ice beast
  3714 | D:5      | Killed an ice beast
  3715 | D:5      | Reached skill level 5 in Spellcasting
  3715 | D:5      | Reached XP level 7. HP: 45/53 MP: 0/0
  3715 | D:5      | Learned a level 3 spell: Vhi's Electric Charge
  3766 | D:5      | Reached skill level 5 in Fighting
  4381 | D:5      | Reached XP level 8. HP: 51/61 MP: 0/0
  4697 | D:5      | Found a staircase to the Ecumenical Temple.
  4709 | Temple   | Entered the Ecumenical Temple
  4802 | Temple   | Became a worshipper of Gozag Ym Sagoz the Greedy
  5319 | D:6      | Noticed a gargoyle
  5335 | D:6      | HP: 2/62 [gargoyle/+0 flail (23)]
  5336 | D:6      | Killed from afar by a gargoyle

Illustrated notes

Levels and vault maps discovered:
D:1:      co_arrival_random_square_maze, layout_loops_ring,
          dreamdust_princess_bridge
D:2:      layout_basic, due_unseen_surprise, uniq_jessica
D:3:      layout_loops_ring, nicolae_ecumenical_oubliette, minmay_door_square
D:4:      layout_basic
D:5:      minmay_razor_zed, layout_basic, minmay_temple_entry_glass
D:6:      gammafunk_cloud_chamber, layout_loops_ring, serial_park_tiny_2,
          kennysheep_generic_room_9, uniq_eustachio
Temple:   compressed_dpeg_circular_temple

Skill      XL: |  1  2  3  4  5  6  7  8 |
---------------+-------------------------+-----
Fighting       | 1 2 3 4 5 6 |  6.8
Spellcasting   | 4 5 6 |  6.2
Dodging        | |  2.1
Stealth        | |  1.5

Action                   |  1- 3 |  4- 6 |  7- 9 || total
-------------------------+-------+-------+-------++-------
Melee: Unarmed           |       |       |     2 ||     2
 Cast: Magic Dart        |    53 |   124 |    51 ||   228
       Searing Ray       |       |    12 |    23 ||    35
       Fulminant Prism   |       |     3 |     4 ||     7
       Iskenderun's Myst |       |     1 |     5 ||     6
Armor: Robe              |     1 |     8 |     7 ||    16
Dodge: Dodged            |     2 |    23 |    26 ||    51

Table legend: (Time is in decaauts)
 A = Elapsed time spent in this place.
 B = Non-inter-level travel time spent in this place.
 C = Inter-level travel time spent in this place.
 D = Time resting spent in this place.
 E = Time spent auto-exploring this place.
 F = Levels seen in this place.
 G = Mean time per level.
                   A        B        C        D        E       F      G
               +--------+--------+--------+--------+--------+-----+--------+
         Total |   5334 |   5193 |    141 |    358 |   4192 |   7 |  762.0 |
       Dungeon |   5231 |   5099 |    132 |    358 |   4131 |   6 |  871.8 |
        Temple |    102 |     93 |      9 |      0 |     61 |   1 |  102.0 |
               +--------+--------+--------+--------+--------+-----+--------+

Top non-repeatable levels by time:
     D:5: 1513 daAuts
     D:2: 1245 daAuts
     D:1: 844 daAuts
     D:3: 831 daAuts
     D:4: 678 daAuts
     D:6: 117 daAuts
  Temple: 102 daAuts
